 Dungeon Crawl Stone Soup version 0.25-a0-565-g8875c97ebb (webtiles) character file.

Game seed: 14326550431071108601, levelgen mode: classic

11 EnegeticOcto the Covered (level 2, 24/27 HPs)
             Began as a Deep Dwarf Fighter on Feb 26, 2020.
             Quit the game on level 2 of the Dungeon.
             The game lasted 00:00:12 (155 turns).

EnegeticOcto the Covered (Deep Dwarf Fighter)        Turns: 155, Time: 00:00:12

Health: 24/27      AC:  6    Str: 19    XL:     2   Next: 13%
Magic:  2/2        EV:  7    Int:  8    God:
Gold:   22         SH:  9    Dex: 12    Spells: 1/1 levels left

rFire    . . .     SeeInvis .   a - +0 war axe
rCold    . . .     Gourm    .   c - +0 kite shield
rNeg     . . .     Faith    .   b - +0 scale mail
rPois    .         Spirit   .   (no helmet)
rElec    .         Reflect  .   (no cloak)
rCorr    .         Harm     .   (no gloves)
MR       .....                  (no boots)
Stlth    ..........             (no amulet)
HPRegen  0.00/turn              (no ring)
MPRegen  0.08/turn              (no ring)

@: non-regenerating
A: damage resistance, heal wounds, sense surroundings 1, no regeneration
a: Heal Wounds


You were on level 2 of the Dungeon.
You were not hungry.

You visited 1 branch of the dungeon, and saw 2 of its levels.

You collected 22 gold pieces.

Inventory:

Hand Weapons
 a - a +0 war axe (weapon)
Armour
 b - a +0 scale mail (worn)
 c - a +0 kite shield (worn)
Scrolls
 g - a scroll of enchant weapon {unknown}
Potions
 f - a potion of resistance {unknown}
 k - a potion of might {@q3}
Comestibles
 d - 4 chunks of flesh
 e - a ration


   Skills:
 * Level 2.8 Fighting
 * Level 2.4 Axes
 + Level 3.4 Armour
 + Level 0.5 Dodging
 + Level 3.4 Shields


You had one spell level left.
You didn't know any spells.
Your spell library was empty.

Dungeon Overview and Level Annotations

Branches:
Dungeon (1/15)

Altars:


Innate Abilities, Weirdness & Mutations

You are resistant to damage.
You can heal yourself by infusing magical energy.
You passively map a small area around you.
You do not regenerate.


Message History

Found 10 gold pieces.
There are monsters nearby!
There are monsters nearby!
There are monsters nearby!
There are monsters nearby!
You miss the jackal.
The jackal barks!
You block the jackal's attack. The jackal barely misses you.
You slash the jackal!
You kill the jackal!
You hit the jackal.
You kill the jackal!
You slash the jackal!
You kill the jackal!
The jackal bites you but does no damage.
You closely miss the jackal. The jackal barely misses you.
The jackal closely misses you.
Your shield prevents you from hitting the jackal.
You block the jackal's attack. The jackal barely misses you.
You block the jackal's attack.
You hit the jackal but do no damage. You block the jackal's attack. x2
You closely miss the jackal. You block the jackal's attack. x2
You closely miss the jackal.
The jackal bites you but does no damage.
You block the jackal's attack.
A jackal is nearby!
A jackal is nearby!
A jackal is nearby!
A jackal is nearby!
A jackal is nearby!
You miss the jackal. You block the jackal's attack.
The jackal closely misses you.
You closely miss the jackal. You block the jackal's attack.
The jackal bites you.
You closely miss the jackal. You block the jackal's attack.
The jackal bites you.
You slash the jackal!
You kill the jackal!
You have reached level 2!
You butcher the jackal corpse.
d - 4 chunks of flesh (gained 2)
You see here a jackal skeleton. x2
You now have 10 gold pieces.
Found 7 arrows.
You see here 7 arrows.
f - a purple potion You open the door.
There is an open door here.
You fall into a shaft and drop 1 floor!
The shaft crumbles and collapses.
A hobgoblin comes into view. It is wielding a +0 club.
A hobgoblin is nearby!
A hobgoblin is nearby!
A hobgoblin is nearby!
A hobgoblin is nearby!
A hobgoblin is nearby!
Found a dagger.
You closely miss the hobgoblin. The hobgoblin hits you with a +0 club.
You closely miss the hobgoblin. You block the hobgoblin's attack.
You hit the hobgoblin.
The hobgoblin is lightly wounded.
The hobgoblin hits you but does no damage.
You block the hobgoblin's attack.
Your shield prevents you from hitting the hobgoblin.
The hobgoblin is lightly wounded.
You block the hobgoblin's attack.
You closely miss the hobgoblin.
The hobgoblin is lightly wounded.
The hobgoblin hits you but does no damage.
You hit the hobgoblin.
You kill the hobgoblin!
No target in view!
Found a stone staircase leading down.
You now have 22 gold pieces (gained 12).
g - a scroll labeled GEINKEH MUOZU
Found a scale mail.
A rat comes into view.
You see here a scale mail.
A rat is nearby!
A rat is nearby!
You block the rat's attack.
You closely miss the rat. The rat bites you but does no damage.
The rat barely misses you.
You slash the rat!
You kill the rat!
No target in view!
No target in view!
No target in view!
No target in view!
No target in view!
No target in view!
No target in view!
No target in view!
No target in view!
A kobold comes into view. It is wielding a +0 dagger.
A kobold is nearby!
A kobold is nearby!
A kobold is nearby!
A kobold is nearby!
Are you sure you want to abandon this character and quit the game? (Confirm with "yes".)

* * , , , .# # ....+ ,
,,..# .K .. * #...# ,,..#
.##.. * #...# .# *
#.##..... * #...#, ..#
#.#...... , #...# **#.#
#........ * ,
#...#####.#####........
#.............@........ ,
###.#.#.##..#####........
............# #........, *
###...#.##..# #........
......#.##..#####.....##.
,
###...#.##...............
,
.##...#.##...............*
*
......................##.*
[##...#.#########...### ,


You could see a kobold (wandering).

Vanquished Creatures
  A giant cockroach (D:1)
  A hobgoblin (D:2)
  4 jackals (D:1)
  A kobold (D:1)
  2 rats
9 creatures vanquished.

Notes
Turn   | Place    | Note
-------+----------+-------------------------------------------
     0 | D:1      | EnegeticOcto the Deep Dwarf Fighter began the quest for the
                  | Orb.
     0 | D:1      | Reached XP level 1. HP: 20/20 MP: 1/1
    43 | D:1      | Reached XP level 2. HP: 24/27 MP: 2/2
    93 | D:1      | You fall into a shaft and drop 1 floor!
   155 | D:2      | Quit the game

Levels and vault maps discovered:
D:1:      dpeg_arrival_houses_and_road, layout_loops_ring
D:2:      layout_basic

Action                   || total
-------------------------++-------
Melee: War axe           ||    27
Armor: Scale mail        ||     8
Dodge: Dodged            ||     6
Block: Kite shield       ||    19

Table legend:
 A = Non-vault XP
 B = Vault XP
 C = Vault XP percentage of total XP
 D = Non-vault monster count
 E = Vault monster count
 F = Vault count percentage of total count
                 A         B        C        D         E       F
            +---------+---------+-------+---------+---------+-------
      Total |      16 |       0 |   0.0 |       9 |       0 |   0.0
            +---------+---------+-------+---------+---------+-------
        D:1 |      13 |       0 |   0.0 |       7 |       0 |   0.0
        D:2 |       3 |       0 |   0.0 |       2 |       0 |   0.0
            +---------+---------+-------+---------+---------+-------
